 Dungeon Crawl Stone Soup version 0.27-a0-1374-gc14e5d3922 (webtiles) character file.

Game seed: 11484546967919052389

72 Froggeryz the Cutter (level 4, -5/31 HPs)
             Began as an Octopode Berserker on June 29, 2021.
             Was a Believer of Trog.
             Killed from afar by Sigmund (13 damage)
             ... with a puff of flame
             ... on level 3 of the Dungeon.
             The game lasted 00:01:29 (2203 turns).

Froggeryz the Cutter (Octopode Berserker)           Turns: 2203, Time: 00:01:29

Health: -5/31      AC:  1    Str: 16    XL:     4   Next: 26%
Magic:  4/4        EV: 13    Int:  9    God:    Trog [**....]
Gold:   107        SH:  0    Dex: 12    Spells: 3/3 levels left

rFire    . . .     SeeInvis .   a - +0 short sword
rCold    . . .     Faith    .   (no shield)
rNeg     . . .     Spirit   .   (helmet restricted)
rPois    .         Reflect  .   (no amulet)
rElec    .         Harm     .   (no ring)
rCorr    .         Rampage  .   (no ring)
Will     .....                  (no ring)
Stlth    +++.......             (no ring)
HPRegen  0.10/turn              (no ring)
MPRegen  0.09/turn              (no ring)
                                (no ring)
                                (no ring)

@: no status effects
A: almost no armour, amphibious, 8 rings, camouflage 1, gelatinous body 1,
(nimble swimmer 1), tentacles
a: Renounce Religion, Berserk, Trog's Hand


You were on level 3 of the Dungeon.
You worshipped Trog.
Trog was pleased with you.
You visited 1 branch of the dungeon, and saw 3 of its levels.

You collected 107 gold pieces.

Inventory:

Hand Weapons
 a - a +0 short sword (weapon)
Scrolls
 e - a scroll of enchant weapon {unknown}
 f - a scroll of fog {unknown}
 g - 2 scrolls of identify {unknown}
 h - 2 scrolls of teleportation {unknown}
 i - a scroll of immolation {unknown}
 k - a scroll of acquirement {unknown}
Potions
 b - 2 potions of flight {unknown}
 c - a potion of lignification {unknown}
 d - 2 potions of degeneration {unknown}
 j - a potion of cancellation {unknown}


   Skills:
 - Level 3.0 Fighting
 * Level 4.4 Short Blades
 - Level 3.0 Dodging
 + Level 2.9 Stealth


You had 3 spell levels left.
You didn't know any spells.
Your spell library was empty.

Dungeon Overview and Level Annotations

Branches:
Dungeon (3/15)

Altars:

Annotations:
D:3 Sigmund


Innate Abilities, Weirdness & Mutations

You cannot wear most types of armour.
You are amphibious.
You can wear up to eight rings at the same time.
Your skin changes colour to match your surroundings (Stealth+).
Your rubbery body absorbs attacks. (AC +1, EV +1)
((You are camouflaged near water. (Stealth+)))
You have tentacles for arms and can constrict up to eight enemies at once.


Message History

The dart slug is moderately wounded.
You constrict the dart slug. The dart slug closely misses you.
You hit the dart slug.
The dart slug is heavily wounded.
You constrict the dart slug.
A dart slug is nearby!
You hit the dart slug but do no damage.
The dart slug is severely wounded.
You constrict the dart slug. The dart slug misses you.
You hit the dart slug.
You kill the dart slug!
Trog accepts your kill.
h - 2 scrolls labelled GUEDOZX TEISAONI (gained 1)
You now have 107 gold pieces (gained 8).
Found a club.
No target in view!
You see here a +0 club.
Key pressed, stopping explore.
No target in view!
Found a stone staircase leading up.
No target in view!
Sigmund the Dreaded comes into view.
He is wielding a +0 scythe.
Sigmund shouts!
Sigmund mumbles some strange words.
Sigmund flickers and vanishes!
Deactivating autopickup; reactivate with Ctrl-A.
No target in view!
There is a strange disturbance nearby!
No target in view!
No target in view!
Something hits you!
Really wriggl into that dispersal trap?
You enter a dispersal trap!
You blink.
Something hits you. Something hits you!
* * * LOW HITPOINT WARNING * * *
You hear some strange, mumbled words.
Something tries to affect you, but you resist.
A puff of flame appears from out of thin air!
The puff of flame hits you!
You die...

.....#.##............#
###..#.##.......##.####
#......##.......##....#
#.#######.......#####.#
................# #.#
##.############## #.#
#.# #[#
##.##################.#
............{...@....>#
.#.#^........########.#
.#.#.........########.#
......................#
##.#....(....#######..#
...#.######### ##.#
####.....# #.# #####.##
#.. #......#


There were no monsters in sight!

Vanquished Creatures
  2 adders (D:2)
  2 worms
  5 dart slugs
  5 endoplasms
  2 giant cockroaches (D:1)
  4 goblins
  2 hobgoblins (D:1)
  2 quokkas
  7 ball pythons
  4 bats
  A kobold (D:1)
  A rat (D:1)
37 creatures vanquished.

Vanquished Creatures (others)
  7 toadstools (D:1)
7 creatures vanquished.

Grand Total: 44 creatures vanquished

Notes
Turn   | Place    | Note
-------+----------+-------------------------------------------
     0 | D:1      | Froggeryz the Octopode Berserker began the quest for the
                  | Orb.
     0 | D:1      | Reached XP level 1. HP: 16/16 MP: 1/1
   211 | D:1      | Found a faded altar of an unknown god.
   218 | D:1      | Reached skill level 1 in Stealth
   218 | D:1      | Reached XP level 2. HP: 19/21 MP: 2/2
   924 | D:2      | Reached XP level 3. HP: 17/26 MP: 3/3
  1341 | D:2      | Reached skill level 4 in Short Blades
  1345 | D:2      | Reached ** piety under Trog
  1800 | D:3      | Reached XP level 4. HP: 31/31 MP: 4/4
  2186 | D:3      | Noticed Sigmund
  2203 | D:3      | Killed from afar by Sigmund

Illustrated notes

Levels and vault maps discovered:
D:1:      nagdon_arrival_double_spiral, layout_basic,
          ebering_ecumenical_altar_sacrificial
D:2:      cheibrodos_helix_gallery, layout_loops_ring,
          minmay_misc_feat_secret_circle, serial_bayou_pond_a,
          amcnicky_mini_rare_corridor_liquid
D:3:      layout_basic, uniq_sigmund

Skill      XL: |  1  2  3 |
---------------+----------+-----
Stealth        | 1 2 |  2.9
Short Blades   | 4 |  4.4
Fighting       | |  3.0
Dodging        | |  3.0

Action                   |  1- 3 |  4- 6 || total
-------------------------+-------+-------++-------
Melee: Short sword       |    64 |    18 ||    82
       Constrict         |    15 |     5 ||    20
       Tentacles         |    10 |     2 ||    12
Invok: Berserk           |     1 |       ||     1
 Stab: Sleeping          |     7 |     1 ||     8
Armor: Skin              |     3 |     3 ||     6
Dodge: Dodged            |    35 |     9 ||    44

Table legend: (Time is in decaauts)
 A = Elapsed time spent in this place.
 B = Non-inter-level travel time spent in this place.
 C = Inter-level travel time spent in this place.
 D = Time resting spent in this place.
 E = Time spent auto-exploring this place.
 F = Levels seen in this place.
 G = Mean time per level.
                   A        B        C        D        E       F      G
               +--------+--------+--------+--------+--------+-----+--------+
         Total |   2202 |   2139 |     63 |    193 |   1712 |   3 |  734.0 |
       Dungeon |   2202 |   2139 |     63 |    193 |   1712 |   3 |  734.0 |
               +--------+--------+--------+--------+--------+-----+--------+

Top non-repeatable levels by time:
     D:2: 994 daAuts
     D:1: 801 daAuts
     D:3: 407 daAuts
